 Dungeon Sprint DCSS version 0.31.0-11-ge490571c62 (webtiles) character file.

Game seed: 13921225403361281983

6 SmokeWeed the Slasher (level 1, 0/18 HPs)
             Began as a Minotaur Gladiator on Feb 3, 2024.
             Succumbed to a water moccasin's poison
             ... in the Dungeon (Sprint IX: "|||||||||||||||||||||||||||||").
             The game lasted 00:00:07 (21 turns).

SmokeWeed the Slasher (Minotaur Gladiator)            Turns: 21, Time: 00:00:08

Health: 0/18       AC:  3    Str: 18    XL:     1   Next: 75%
Magic:  0/0        EV: 12    Int:  5    God:
Gold:   0          SH:  0    Dex: 11    Spells: 0/0 levels left

rFire   . . .        a - +0 long sword
rCold   . . .        (no shield)
rNeg    . . .        b - +0 leather armour
rPois   .            c - +0 hat
rElec   .            (no cloak)
rCorr   .            (no gloves)
SInv    .            (no boots)
Will    .....        (no amulet)
Stlth   +            (no ring)
HPRegen 0.23/turn    (no ring)
MPRegen 0.07/turn

%: no teleportation
@: lethally poisoned (0 -> -10)
A: horns 2, retaliatory headbutt
a: no special abilities


You were in the Dungeon.
You visited 1 branch

Inventory:

Hand Weapons
 a - a +0 long sword (weapon)
Missiles
 d - 3 throwing nets (quivered)
 e - a javelin
Armour
 b - a +0 leather armour (worn)
 c - a +0 hat (worn)
Scrolls
 k - a scroll of blinking
Potions
 f - a potion of curing
 g - a potion of heal wounds
 h - a potion of haste
 i - 2 potions of magic
 j - a potion of berserk rage


   Skills:
 + Level 2.8 Fighting
 + Level 4.5 Long Blades
 + Level 2.2 Throwing
 + Level 4.1 Dodging


You couldn't memorise any spells.
You didn't know any spells.
Your spell library was empty.

Dungeon Overview and Level Annotations

Branches:
Dungeon (1/1)

Altars:


Innate Abilities, Weirdness & Mutations

You have a pair of horns on your head.
You reflexively headbutt those who attack you in melee.


Message History

You hit the hobgoblin but do no damage. You headbutt the hobgoblin.
You kill the hobgoblin!
Your Long Blades skill increases to level 4!
You hit the endoplasm. You headbutt the endoplasm.
The endoplasm is heavily wounded.
The endoplasm barely misses you. You furiously retaliate!
You headbutt the endoplasm.
You kill the endoplasm!
You hit the bat.
You kill the bat!
You hit the quokka.
The quokka is almost dead.
The quokka barely misses you.
You barely miss the quokka. You headbutt the quokka.
You kill the quokka!
The jackal bites you but does no damage.
Your Dodging skill increases to level 4!
You hit the jackal but do no damage. The jackal closely misses you.
You slash the jackal!
You kill the jackal!
There is an open door to the Dungeon, spattered with blood here.
Things that are here:
a jackal corpse; a quokka corpse; a bat corpse You open the door.
A water moccasin, a white imp, an iguana, an ufetubus and an orc come into view.
The water moccasin hisses angrily.
The orc shouts!
The iguana hisses angrily.
You hit the water moccasin. You headbutt the water moccasin!
The water moccasin is heavily wounded.
The water moccasin bites you. The water moccasin closely misses you.
You closely miss the water moccasin.
Your headbutt misses the water moccasin.
The water moccasin is heavily wounded.
The water moccasin bites you. The water moccasin bites you!
* * * LOW HITPOINT WARNING * * *
You are lethally poisoned!
The water moccasin poisons you!
You miss the water moccasin.
Your headbutt misses the water moccasin.
The water moccasin is heavily wounded.
You die... ▓▓▓▓▓▓▓▓▓▓▓▓▓▓▓▓▓▓ ▓<...†....@S5l5o.+ ▓▓▓▓▓▓▓▓▓▓▓▓▓▓▓▓▓▓

You could see a water moccasin, an iguana, a white imp, an ufetubus and an orc.

Vanquished Creatures
  An endoplasm (D)
  A hobgoblin (D)
  A jackal (D)
  A quokka (D)
  A bat (D)
5 creatures vanquished.

Notes
Turn   | Place    | Note
-------+----------+-------------------------------------------
     0 | D        | SmokeWeed the Minotaur Gladiator began the quest for the
                  | Orb.
     0 | D        | Reached XP level 1. HP: 18/18 MP: 0/0
    18 | D        | Noticed a water moccasin
    18 | D        | Noticed an iguana
    21 | D        | Succumbed to a water moccasin's poison

Illustrated notes

Levels and vault maps discovered:
D:        linesprint [early_d, line_temple, items_1, d_10, items_2, lair_1,
          lair_end, items_3, orc_1, orc_end, items_4, d_15, swamp_1, shoals_1,
          snake_1, spider_1, d_20, vaults_1, items_5, swamp_end, shoals_end,
          snake_end, spider_end, vaults_end, d_27, items_6, zot_1, zot_end,
          crypt_end, forest_end, elf_end, slime_end, tomb_end, abyss_end,
          pan_hell_end]

Skill      XL: |  1 |
---------------+----+-----
Long Blades    | 4 |  4.5
Dodging        | 4 |  4.1
Fighting       | |  2.8
Throwing       | |  2.2

Action                     || total
---------------------------++-------
  Melee: Long sword        ||    11
         Headbutt          ||     4
 Armour: Leather armour    ||     5
  Dodge: Dodged            ||     4
